 Dungeon Crawl Stone Soup version 0.18-a0-1229-ge9a1a01 (webtiles) character file.

15575 Gottschkopf the Protected (level 12, -28/108 HPs)
             Began as a Minotaur Gladiator on Feb 4, 2016.
             Was a High Priest of Nemelex Xobeh.
             Annihilated by an enormous slime creature (62 damage)
             ... on level 12 of the Dungeon.
             The game lasted 01:21:32 (11225 turns).

Gottschkopf the Protected (Minotaur Gladiator)     Turns: 11225, Time: 01:21:32

Health: -28/108    AC: 25    Str: 23    XL:     12   Next: 2%
Magic:  11/11      EV: 10    Int:  5    God:    Nemelex Xobeh [*****.]
Gold:   411        SH:  0    Dex: 13    Spells: 0 memorised, 11 levels left

rFire  . . .     SeeInvis .     E - +3 long sword (slice)
rCold  . . .     Gourm    .     b - +3 plate armour
rNeg   + . .     Faith    .     (no shield)
rPois  .         Spirit   .     S - +1 hat
rElec  .         Dismiss  .     K - +0 cloak
rCorr  +         Reflect  .     J - +0 pair of gloves
SustAt .         Harm     .     H - +0 pair of boots
MR     .....                    G - amulet of rage
Stlth  ..........               L - ring of positive energy
                                C - ring of resist corrosion

@: not resistant to hostile enchantments, extremely unstealthy
A: retaliatory headbutt, horns 2
a: Triple Draw, Deal Four, Stack Five, Renounce Religion, Evoke Berserk Rage


You were on level 12 of the Dungeon.
You worshipped Nemelex Xobeh.
Nemelex Xobeh was extremely pleased with you.
You were not hungry.

You visited 1 branch of the dungeon, and saw 12 of its levels.
You also visited: Sewer.

You collected 896 gold pieces.
You spent 485 gold pieces at shops.

Inventory:

Hand Weapons
 E - a +3 long sword of slicing (weapon)
 R - a +2 whip of freezing
Missiles
 d - 4 throwing nets (quivered)
Armour
 b - a +3 plate armour (worn)
 k - a +2 chain mail of cold resistance
 H - a +0 pair of boots (worn)
 J - a +0 pair of gloves (worn)
 K - a +0 cloak (worn)
 S - a +1 hat (worn)
Jewellery
 w - an uncursed amulet of regeneration
 C - a ring of resist corrosion (left hand)
 G - an amulet of rage (around neck)
 L - a ring of positive energy (right hand)
Wands
 c - a wand of polymorph (3/24)
 l - a wand of lightning (3/15)
 s - a wand of teleportation (6/9)
 F - a wand of digging (7/24)
 Q - a wand of flame (14/48)
 T - a wand of acid (3/15)
Scrolls
 a - 3 scrolls of amnesia
 i - a scroll of blinking
 m - a scroll of fear
 n - 9 scrolls of identify
 u - 2 scrolls of immolation
 y - 5 scrolls of remove curse
 A - 2 scrolls of random uselessness {unknown}
 I - 3 scrolls of magic mapping
 V - 4 scrolls of enchant weapon {unknown}
Potions
 e - 2 potions of lignification
 h - 6 potions of curing
 j - a potion of resistance {unknown}
 o - 5 potions of agility {unknown}
 t - 4 potions of brilliance {unknown}
 z - 3 potions of cure mutation {unknown}
 B - 3 potions of heal wounds {unknown}
 U - 4 potions of invisibility {unknown}
 X - 2 potions of haste {unknown}
Miscellaneous
 p - a plain deck of destruction {drawn: 1}
 q - a plain deck of war {drawn: 3}
 v - an ornate deck of destruction {drawn: 4}
 x - a legendary deck of war
 M - a plain deck of escape
 N - a legendary deck of war
 P - an ornate deck of destruction
 W - an ornate deck of destruction
 Y - a legendary deck of destruction
Comestibles
 f - 9 bread rations
 g - 5 meat rations
 r - 11 fruits


   Skills:
 + Level 10.9 Fighting
 + Level 13.6 Long Blades
 + Level 2.2 Throwing
 + Level 13.9 Armour
 - Level 6.6 Dodging
 - Level 0.6 Stealth
 - Level 0.1 Evocations


You had 11 spell levels left.
You didn't know any spells.

Dungeon Overview and Level Annotations

Branches:
Dungeon (12/15)            Temple (0/1) D:6            Lair (0/8) D:11
    Orc (0/2) D:12

Altars:
Dithmenos
Elyvilon
Fedhas
Kikubaaqudgha
Nemelex Xobeh
Okawaru
Trog
Vehumet
Xom
Zin

Shops:
D:5 %*(   D:7 *?=   D:9 *

Portals:
Trove: D:11 (give +7 demon blade)


Innate Abilities, Weirdness & Mutations

You reflexively headbutt those who attack you in melee.
You have a pair of horns on your head.


Message History

You climb downwards.
There is a stone staircase leading up here.
As you open the door, it creaks loudly!
The large slime creature quivers. x2
Two slime creatures merge to form an enormous slime creature.
You completely miss the orc. You headbutt the orc!
You kill the orc!
Press: ? - help, v - describe, . - travel
Here: an enormous slime creature The floor.
You slash the enormous slime creature!
The enormous slime creature is lightly wounded.
The enormous slime creature hits you!!!!
Ouch! That really hurt!
Your plate armour prevents you from hitting the enormous slime creature.
The enormous slime creature is lightly wounded.
The enormous slime creature hits you!!!
Ouch! That really hurt!
You die...
Your body glows with a rainbow of weird colours and disappears.

....8...
#.....####
+.....$.#
#..o....#
#[# #.###
#..o#
######J##
#.....@.#
#..>....#
#...<...#
+.......#
#.......#
#.......+
#.......#
#.......#
#.......#


You could see an enormous slime creature and an orc.

Vanquished Creatures
  Gastronok (D:8)
  Erolcha (D:9)
  The ghost of Torax the Grappler, a journeyman DrMo of Okawaru (D:10)
  2 wizards (D:11)
  An unseen horror (D:10)
  2 hill giants
  An ugly thing (D:12)
  Pikel (D:8)
  3 deep elf magi (D:11)
  A cyclops (D:10)
  2 gargoyles
  A kobold demonologist (D:11)
  A troll (D:11)
  A two-headed ogre (D:9)
  A merfolk (D:10)
  Sigmund (D:4)
  2 wyverns
  A wraith (D:11)
  5 yaks (D:10)
  Grum (D:9)
  4 wolves (D:9)
  Menkaure (D:4)
  A mottled dragon (D:11)
  A hippogriff (D:9)
  A water moccasin (D:10)
  Duvessa (D:5)
  4 orc warriors
  A phantom (D:9)
  A necrophage (D:7)
  A wasp (D:8)
  3 ice beasts
  5 ogres
  2 centaurs
  5 giant frogs
  Dowan (D:5)
  A water moccasin zombie (D:9)
  2 scorpions
  5 killer bees (D:10)
  3 wights (D:7)
  5 crimson imps
  2 hounds
  5 jellies
  An orc priest (D:7)
  3 centaur skeletons
  10 orc wizards
  A giant frog skeleton (D:4)
  2 iguanas
  10 worker ants
  Terence (D:2)
  A killer bee zombie (D:11)
  13 adders
  A river rat (D:5)
  5 shadow imps
  3 oozes
  An adder skeleton (D:5)
  An adder zombie (D:7)
  4 worms
  7 giant geckos
  38 orcs
  15 giant cockroaches
  6 hobgoblins
  11 jackals
  3 quokkas
  3 ball pythons (Sewer)
  8 bats
  A giant gecko skeleton (D:6)
  A giant gecko zombie (D:8)
  11 giant newts
  11 goblins
  A jackal zombie (D:7)
  14 kobolds
  A quokka skeleton (D:5)
  A quokka zombie (D:7)
  6 rats
280 creatures vanquished.

Vanquished Creatures (others)
  A worker ant (D:7)
  2 orcs
3 creatures vanquished.

Grand Total: 283 creatures vanquished

Notes
Turn   | Place    | Note
--------------------------------------------------------------
     0 | D:1      | Gottschkopf the Minotaur Gladiator began the quest for the Orb.
     0 | D:1      | Reached XP level 1. HP: 18/18 MP: 0/0
    71 | D:1      | Reached XP level 2. HP: 11/25 MP: 1/1
    77 | D:1      | Reached skill level 4 in Long Blades
   505 | D:1      | Reached XP level 3. HP: 27/30 MP: 2/2
   774 | D:2      | Noticed Terence
   782 | D:2      | Killed Terence
   782 | D:2      | Reached skill level 1 in Armour
   783 | D:2      | Reached XP level 4. HP: 18/37 MP: 3/3
  1389 | D:2      | Found a white marble altar of Elyvilon.
  1521 | D:2      | Found a faded altar to an unknown god.
  1542 | D:2      | Became a worshipper of Nemelex Xobeh the Trickster
  1542 | D:2      | Received a gift from Nemelex Xobeh
  1542 | D:2      | Reached * piety under Nemelex Xobeh
  1542 | D:2      | Received a gift from Nemelex Xobeh
  2139 | D:3      | Reached XP level 5. HP: 41/45 MP: 4/4
  2151 | D:3      | Received a gift from Nemelex Xobeh
  2250 | D:3      | Reached ** piety under Nemelex Xobeh
  2498 | D:4      | Noticed an ogre
  2505 | D:4      | Killed an ogre
  2505 | D:4      | Reached skill level 5 in Long Blades
  2542 | D:4      | Found a blossoming altar of Fedhas.
  2553 | D:4      | Reached XP level 6. HP: 40/51 MP: 5/5
  2587 | D:4      | Noticed Sigmund
  2608 | D:4      | Reached skill level 5 in Dodging
  2617 | D:4      | Killed Sigmund
  3009 | D:4      | Reached XP level 7. HP: 53/59 MP: 6/6
  3095 | D:4      | Reached skill level 6 in Long Blades
  3222 | D:4      | Noticed Menkaure
  3226 | D:4      | Killed Menkaure
  3235 | D:4      | Noticed Edmund
  3236 | D:4      | Noticed Edmund
  3236 | D:4      | Edmund changed into Edmund the ooze
  3240 | D:4      | Killed Edmund the ooze
  3447 | D:5      | Entered Level 5 of the Dungeon
  3476 | D:5      | Found an iron altar of Okawaru.
  3612 | D:5      | Reached skill level 5 in Armour
  3626 | D:5      | Found a glowing drain.
  3631 | Sewer    | Entered a sewer
  3854 | Sewer    | Reached skill level 5 in Fighting
  3893 | D:5      | Found a white marble altar of Elyvilon.
  3928 | D:5      | Reached skill level 7 in Long Blades
  3928 | D:5      | Reached XP level 8. HP: 30/68 MP: 7/7
  4236 | D:5      | Found Uliozuath's Assorted Antiques.
  4243 | D:5      | Bought a shiny glass ring for 145 gold pieces
  4262 | D:5      | Received a gift from Nemelex Xobeh
  4306 | D:5      | Reached *** piety under Nemelex Xobeh
  4312 | D:5      | Found Garaw's Antique Weapon Emporium.
  4315 | D:5      | Bought a glowing long sword for 108 gold pieces
  4432 | D:5      | Found Zuogh's Food Shoppe.
  4445 | D:5      | Noticed Dowan
  4447 | D:5      | Noticed Duvessa
  4451 | D:5      | Killed Duvessa
  4465 | D:5      | Killed Dowan
  5369 | D:6      | Found a staircase to the Ecumenical Temple.
  5382 | D:6      | Received a gift from Nemelex Xobeh
  5787 | D:7      | Found Ozxohiax's General Store.
  5888 | D:7      | Found Zeupimu's Magic Scroll Emporium.
  5905 | D:7      | Reached **** piety under Nemelex Xobeh
  5923 | D:7      | Reached skill level 8 in Armour
  6092 | D:7      | Noticed an angel
  6092 | D:7      | Received a gift from Nemelex Xobeh
  6094 | D:7      | Found a shimmering altar of Xom.
  6095 | D:7      | Found a glowing silver altar of Zin.
  6261 | D:7      | Reached XP level 9. HP: 44/77 MP: 8/8
  6331 | D:7      | Found a bloodstained altar of Trog.
  6333 | D:7      | Found a shadowy altar of Dithmenos.
  6336 | D:7      | Found a radiant altar of Vehumet.
  6438 | D:7      | Found Jaewu's Jewellery Boutique.
  6526 | D:8      | Found an ancient bone altar of Kikubaaqudgha.
  6622 | D:8      | Noticed Pikel
  6625 | D:8      | Reached skill level 9 in Armour
  6646 | D:8      | Killed Pikel
  6765 | D:8      | Noticed a hill giant
  6779 | D:8      | Killed a hill giant
  6779 | D:8      | Reached skill level 10 in Armour
  7041 | D:8      | Noticed Gastronok
  7057 | D:8      | Killed Gastronok
  7057 | D:8      | Reached skill level 10 in Long Blades
  7057 | D:8      | Reached skill level 11 in Armour
  7057 | D:8      | Reached XP level 10. HP: 38/88 MP: 9/9
  7513 | D:9      | Noticed Erolcha
  7527 | D:9      | Killed Erolcha
  7664 | D:9      | Found Jiudol's Assorted Antiques.
  7679 | D:9      | Bought a scroll of enchant armour for 232 gold pieces
  7718 | D:9      | Reached skill level 12 in Armour
  8010 | D:9      | Received a gift from Nemelex Xobeh
  8086 | D:9      | Noticed Grum
  8112 | D:9      | Killed Grum
  8176 | D:9      | Reached ***** piety under Nemelex Xobeh
  8302 | D:9      | Reached XP level 11. HP: 97/97 MP: 10/10
  8439 | D:10     | Entered Level 10 of the Dungeon
  8680 | D:10     | Received a gift from Nemelex Xobeh
  8768 | D:10     | Killed an unseen horror
  8917 | D:10     | Noticed Torax's ghost (journeyman DrMo)
  8944 | D:10     | Killed Torax's ghost
  9007 | D:10     | Reached skill level 13 in Armour
  9212 | D:10     | Reached skill level 10 in Fighting
  9512 | D:11     | Noticed a hill giant
  9521 | D:11     | Killed a hill giant
  9522 | D:11     | Received a gift from Nemelex Xobeh
  9571 | D:11     | Noticed a deep elf mage
  9623 | D:11     | Found a portal to a secret trove of treasure.
 10190 | D:11     | Received a gift from Nemelex Xobeh
 10193 | D:11     | Killed a deep elf mage
 10225 | D:11     | Noticed a deep elf mage
 10260 | D:11     | Killed a deep elf mage
 10541 | D:11     | Noticed a deep elf mage
 10553 | D:11     | Killed a deep elf mage
 10655 | D:11     | Found a staircase to the Lair.
 10724 | D:11     | Noticed a wizard
 10724 | D:11     | Noticed a wizard
 10731 | D:11     | Killed a wizard
 10734 | D:11     | Killed a wizard
 10749 | D:11     | Identified the Volume of Dusty Transmigration
 10751 | D:11     | Identified Halinay's Reference Book on Beguiling
 10855 | D:12     | Noticed a cyan ugly thing
 10856 | D:12     | Found a staircase to the Orcish Mines.
 10867 | D:12     | Killed a cyan ugly thing
 10867 | D:12     | Reached XP level 12. HP: 108/108 MP: 11/11
 11225 | D:12     | Annihilated by an enormous slime creature

Vault maps used:
D:1:      roderic_crossed_star, minivault_19
D:2:      ecumenical_altar_2, elyvilon_altar_1, uniq_terence
D:3:      first_bread, kennysheep_generic_room_8
D:4:      fedhas_altar_fruit_tree, uniq_edmund, uniq_menkaure, uniq_sigmund
D:5:      old_standard_altar, serial_shops, kennysheep_mini_moat, shop,
          kennysheep_mini, gup_sewer_entry_bowl, okawaru_ov_weapons_minmay,
          uniq_duvessa
D:6:      minmay_temple_entry_junction
D:7:      grunt_temple_overflow_order_and_chaos_1, grunt_temple_overflow_open,
          serial_shops, nicolae_shop_statue_plus, kennysheep_little_box,
          nicolae_shop_crystal, hangedman_decor_lopped
D:8:      lemuel_coloured_pillars_altar, serial_glass, glass_columns_c,
          glass_columns_a, uniq_pikel, uniq_gastronok
D:9:      serial_shops, shop_fountains, uniq_erolcha, uniq_grum
D:10:     hangedman_fish_farm, kennysheep_generic_room_14
D:11:     cheibrodos_lost_city_excavation, lair_0_dummy, enter_trove_6,
          serial_bayou_pond_d
D:12:     david_orc_2
Sewer:    sewer_frog_island_01

Action                   |  1- 3 |  4- 6 |  7- 9 | 10-12 || total
-------------------------+-------+-------+-------+-------++-------
Melee: Long sword        |    64 |   136 |   296 |   391 ||   887
 Abil: Evoke Berserk Rag |       |       |       |     3 ||     3
Evoke: Deck              |       |       |     8 |       ||     8
       Wand              |       |       |       |     1 ||     1
  Use: Scroll            |       |     6 |     5 |     5 ||    16
       Potion            |       |       |       |     1 ||     1
  Eat: Chunk             |       |     7 |    11 |     9 ||    27
       Pizza             |       |       |     1 |       ||     1
       Bread ration      |       |       |       |     2 ||     2
       Beef jerky        |       |       |       |     1 ||     1
